 Dungeon Crawl Stone Soup version 0.31.0-12-g77e489cdc1 (webtiles) character file.

Game seed: 12320124270081005644

291 PaiMei the Grave Robber (level 6, -6/46 HPs)
             Began as a Demonspawn Necromancer on Mar 1, 2024.
             Mangled by a lemure (9 damage)
             ... led by Pikel
             ... on level 4 of the Dungeon.
             The game lasted 00:06:54 (4164 turns).

PaiMei the Grave Robber (Demonspawn Necromancer)    Turns: 4164, Time: 00:06:54

Health: -6/46      AC:  2    Str:  8    XL:     6   Next: 10%
Magic:  1/11       EV: 13    Int: 18    God:
Gold:   197        SH:  0    Dex: 13    Spells: 7/11 levels left

rFire   . . .        m - +0 short sword
rCold   . . .        (no shield)
rNeg    . . .        a - +0 robe
rPois   .            (no helmet)
rElec   .            g - scarf {repulsion}
rCorr   .            (no gloves)
SInv    .            (no boots)
Will    .....        (no amulet)
Stlth   ++           (no ring)
HPRegen 0.27/turn    (no ring)
MPRegen 0.12/turn

%: repel missiles
@: no status effects
A: hooves 1, powered by death 2, weakness stinger 1, demonic touch 1
a: no special abilities


You were on level 4 of the Dungeon.
You visited 1 branch of the dungeon, and saw 4 of its levels.

You collected 197 gold pieces.

Inventory:

Hand Weapons
 m - a +0 short sword (weapon)
Missiles
 o - 11 poisoned darts (quivered)
Armour
 a - a +0 robe (worn)
 g - a scarf of repulsion (worn)
 k - a +0 cloak
Jewellery
 f - an amulet of regeneration
 r - an amulet of reflection
Wands
 i - a wand of paralysis (3)
 l - a wand of flame (10)
 s - a wand of light (5)
Scrolls
 c - a scroll of fear {unknown}
 d - a scroll of teleportation {unknown}
 n - a scroll of poison {unknown}
 p - a scroll of amnesia {unknown}
 q - a scroll of identify {unknown}
 t - a scroll of blinking {unknown}
Potions
 b - a potion of magic
 e - 2 potions of curing {unknown}
 h - a potion of degeneration {unknown}
 j - 2 potions of heal wounds {unknown}


   Skills:
 + Level 2.6 Fighting
 + Level 3.2 Dodging
 - Level 2.0 Stealth
 + Level 3.4 Spellcasting
 + Level 5.5 Necromancy


You had 7 spell levels left.
You knew the following spells:

 Your Spells              Type           Power      Damage    Failure   Level
a - Necrotise             Necr           92%        1d8       1%          1
b - Vampiric Draining     Necr           23%        2d7       4%          3

Your spell library contained the following spells:

 Spells                   Type           Power      Damage    Failure   Level
 Animate Dead             Necr           23%        N/A       16%         4
 Curse of Agony           Necr           23%        N/A       41%         5
 Ozocubu's Armour         Ice            3%         N/A       43%         3
 Metabolic Englaciation   Hex/Ice        1%         N/A       99%         5
 Sculpt Simulacrum        Ice/Alch       1%         N/A       100%        6


Dungeon Overview and Level Annotations

Branches:
Dungeon (4/15)
 Temple: D:4-7

Altars:
Trog

Annotations:
D:4 Pikel


Innate Abilities, Weirdness & Mutations

You have large cloven feet.
You regenerate health from kills.
You have a small tail.
Your touch may inflict minor irresistible damage on your foes.


Message History

Aim: Pikel, wielding a +0 whip of flaming and wearing a +0 robe (almost dead)
You draw life force from Pikel.
You feel life coursing into your body.
Pikel hits you with a +0 whip of flaming.
Pikel burns you. The giant cockroach misses you. The lemure barely misses you.
Casting: Vampiric Draining (dangerous; 4% risk of failure)
Confirm with . or Enter, or press ? or * to list all spells.
You don't have enough magic to cast this spell.
Casting: Vampiric Draining (dangerous; 4% risk of failure)
Confirm with . or Enter, or press ? or * to list all spells.
You don't have enough magic to cast this spell.
Casting: Vampiric Draining (dangerous; 4% risk of failure)
Confirm with . or Enter, or press ? or * to list all spells.
You don't have enough magic to cast this spell.
Casting: Vampiric Draining (dangerous; 4% risk of failure)
Confirm with . or Enter, or press ? or * to list all spells.
You don't have enough magic to cast this spell.
Casting: Vampiric Draining (dangerous; 4% risk of failure)
Confirm with . or Enter, or press ? or * to list all spells.
You don't have enough magic to cast this spell.
You closely miss Pikel. You kick Pikel, but do no damage.
You tail-slap Pikel, but do no damage.
Pikel is almost dead.
Pikel barely misses you. The lemure hits you. The lemure barely misses you.
You closely miss Pikel. Your kick misses Pikel.
Pikel is almost dead.
The lemure barely misses you.
Pikel hits you with a +0 whip of flaming!
* * * LOW HITPOINT WARNING * * *
Pikel burns you.
* * * LOW HITPOINT WARNING * * *
The lemure hits you.
* * * LOW HITPOINT WARNING * * *
You hit Pikel but do no damage. Your touch misses Pikel.
Pikel is almost dead.
Pikel hits you with a +0 whip of flaming.
* * * LOW HITPOINT WARNING * * *
Pikel burns you.
* * * LOW HITPOINT WARNING * * *
The lemure hits you!
You die...

.......###...###... #.
.........+...........
#..#........##.......)..
#..#........##..........
#.......................
...#....###........##...
...'...B............#..[
...##55K5##.#+#.........
.......@5........##..##.
.≈..K.........##.#....#....#.
####.≈.#...###.......#....#.#..#.
.....≈...........<........#.#..#'
≈≈≈≈≈≈.# ..###............#......
.......#.........................
.................................
...............##.#...#........#+
......# ##...##......#..........


You could see Pikel, 4 lemures and a giant cockroach.

Vanquished Creatures
  A hound (D:4)
  A bombardier beetle (D:3)
  An iguana (D:4)
  Ijyb (D:3)
  Terence (D:3)
  8 adders
  2 ribbon worms
  3 dart slugs
  6 ball pythons
  6 bats
  7 endoplasms
  2 giant cockroaches
  6 goblins
  5 hobgoblins
  6 kobolds
  2 quokkas
  A frilled lizard (D:2)
  9 rats
68 creatures vanquished.

Vanquished Creatures (collateral kills)
  An adder (D:3)
1 creature vanquished.

Grand Total: 69 creatures vanquished

Notes
Turn   | Place    | Note
-------+----------+-------------------------------------------
     0 | D:1      | PaiMei the Demonspawn Necromancer began the quest for the
                  | Orb.
     0 | D:1      | Reached XP level 1. HP: 13/13 MP: 3/3
   247 | D:1      | Gained mutation: You regenerate a little health from kills.
                  | [demonic ancestry]
   247 | D:1      | Reached XP level 2. HP: 19/19 MP: 1/5
   751 | D:1      | Found a faded altar of an unknown god.
  1620 | D:2      | Discovered your monstrous ancestry.
  1620 | D:2      | Gained mutation: You have a small tail. [demonic ancestry]
  1620 | D:2      | Reached XP level 3. HP: 22/25 MP: 3/6
  1624 | D:2      | Learned a level 3 spell: Vampiric Draining
  2096 | D:3      | Noticed Ijyb
  2235 | D:3      | Reached skill level 1 in Fighting
  2517 | D:3      | Noticed Terence
  2524 | D:3      | Killed Terence
  2525 | D:3      | Gained mutation: Your touch may inflict minor irresistible
                  | damage on your foes. [demonic ancestry]
  2525 | D:3      | Reached XP level 4. HP: 27/32 MP: 0/8
  2606 | D:3      | Reached skill level 5 in Necromancy
  2744 | D:3      | Killed Ijyb
  2745 | D:3      | Gained mutation: You have large cloven feet. [demonic
                  | ancestry]
  2745 | D:3      | Reached XP level 5. HP: 28/38 MP: 1/9
  3279 | D:4      | Noticed a lemure
  3468 | D:4      | Found a bloodstained altar of Trog.
  3957 | D:4      | Noticed a lemure
  3957 | D:4      | Noticed Pikel
  4078 | D:4      | Gained mutation: You regenerate health from kills. [demonic
                  | ancestry]
  4078 | D:4      | Reached XP level 6. HP: 46/46 MP: 7/11
  4164 | D:4      | Mangled by a lemure

Illustrated notes

Levels and vault maps discovered:
D:1:      onia_arrival_handbag, layout_loops_ring,
          chequers_ecumenical_altar_lobes, dreamdust_princess_bridge
D:2:      layout_loops_corners
D:3:      layout_basic, uniq_terence, uniq_ijyb
D:4:      layout_basic, mainiacjoe_overflow_24_doors, nicolae_overflow_squiral,
          kennysheep_generic_room_16, uniq_pikel

Skill      XL: |  1  2  3  4  5 |
---------------+----------------+-----
Dodging        | 2 3 |  3.2
Stealth        | 2 |  2.0
Fighting       | 1 2 |  2.6
Necromancy     | 5 |  5.5
Spellcasting   | 3 |  3.4

Action                     |  1- 3 |  4- 6 || total
---------------------------+-------+-------++-------
  Melee: Unarmed           |     9 |       ||     9
         Short sword       |     2 |     9 ||    11
         Tailslap          |     1 |     3 ||     4
         Touch             |       |     2 ||     2
         Kick              |       |     1 ||     1
   Cast: Necrotise         |    69 |    71 ||   140
         Vampiric Draining |       |     6 ||     6
   Stab: Sleeping          |       |     1 ||     1
 Armour: Robe              |    11 |    29 ||    40
  Dodge: Dodged            |    21 |    20 ||    41
         Repelled          |     2 |     1 ||     3
